 Dungeon Crawl Stone Soup version 0.30.1-4-g462c640d31 (webtiles) character file.

Game seed: 8876759007705239549

133 Ivernyr the Ducker (level 5, 40/40 HPs)
             Began as a Djinni Fire Elementalist on Sept 15, 2023.
             Got out of the dungeon alive.
             The game lasted 00:05:26 (1412 turns).

Ivernyr the Ducker (Djinni Fire Elementalist)       Turns: 1412, Time: 00:05:27

Health: 40/40      AC:  2    Str:  7    XL:     5   Next: 39%
Gold:   98         EV: 18    Int: 19    God:
                   SH:  0    Dex: 13

rFire   + + .        c - +0 short sword (venom)
rCold   x . .        (no shield)
rNeg    . . .        a - +0 robe
rPois   ∞            (no helmet)
rElec   .            (no cloak)
rCorr   .            (no gloves)
SInv    .            (boots unavailable)
Will    .....        (no amulet)
Stlth   ++           b - +5 ring of evasion
HPRegen 0.26/turn    (no ring)
MPRegen 0.00/turn

%: no passive effects
@: flying
A: sickness immunity, fire resistance 2, cold vulnerability 1, float, innate
caster, HP casting, extra vitality 1
a: no special abilities


You escaped.
You visited 1 branch of the dungeon, and saw 2 of its levels.

You collected 98 gold pieces.

Inventory:

Hand Weapons
 c - a +0 short sword of venom (weapon)
Armour
 a - a +0 robe (worn)
Jewellery
 b - a +5 ring of evasion (left hand)
Scrolls
 d - a scroll of blinking {unknown}
 e - 2 scrolls of identify {unknown}
 g - a scroll of amnesia {unknown}
 h - a scroll of silence {unknown}
 i - a scroll of teleportation {unknown}
Potions
 f - a potion of lignification {unknown}


   Skills:
 * Level 3.1 Fighting
 + Level 3.3 Dodging
 - Level 1.5 Stealth
 + Level 3.0 Spellcasting


You knew the following spells:

 Your Spells              Type           Power      Damage    Failure   Level
a - Foxfire               Conj/Fire      56%        2x1d6     4%          1
b - Scorch                Fire           28%        2d6       7%          2
c - Volatile Blastmotes   Fire/Tloc      28%        2d12      13%         3
d - Inner Flame           Hex/Fire       14%        N/A       13%         3
e - Flame Wave            Conj/Fire      14%        2d6       41%         4
f - Beastly Appendage     Tmut           28%        N/A       4%          1
g - Call Imp              Summ           28%        N/A       7%          2
Your spell library was empty.

Dungeon Overview and Level Annotations

Branches:
Dungeon (2/15)

Altars:


Innate Abilities, Weirdness & Mutations

You are immune to sickness and miasma.
You are immune to poison.
Your flesh is very heat resistant. (rF++)
You are vulnerable to cold. (rC-)
You float through the air rather than walking.
You learn spells naturally, not from books.
Your magical power is your life essence.
You have superior vitality. (+4 MHP)


Message History

The gnoll hits you from afar with a +0 spear!
Casting: Foxfire (safe; 4% risk of failure)
Confirm with . or Enter, or press ? or * to list all spells.
Flames lash the gnoll.
The gnoll is moderately wounded.
The gnoll's fire resistance burns away.
* * * LOW HITPOINT WARNING * * *
The foxfire hits the gnoll.
The gnoll is burned terribly!
The gnoll is severely wounded.
The gnoll barely misses you.
Your foxfire dissipates!
Casting: Scorch (safe; 7% risk of failure)
Confirm with . or Enter, or press ? or * to list all spells.
You conjure some foxfire!
The gnoll hits you from afar with a +0 spear.
* * * LOW HITPOINT WARNING * * *
Casting: Foxfire (safe; 4% risk of failure)
Confirm with . or Enter, or press ? or * to list all spells.
Flames lash the gnoll.
You kill the gnoll!
* * * LOW HITPOINT WARNING * * *
Your magical contamination has completely faded away.
You start resting.
Your foxfire dissipates!
You start resting.
HP restored.
Unknown command.
Unknown command.
(D) Dungeon
Where to? (Enter - D:2, ? - help)
What level of the Dungeon? (default 1, ? - help)
There is a stone staircase leading up here.
You fly upwards.
There is a stone staircase leading down here.
You see here a +0 dagger.
There is a staircase leading out of the dungeon here.
Are you sure you want to leave the Dungeon?
This will make you lose the game!
Alright, then stay!
Are you sure you want to leave the Dungeon?
This will make you lose the game!
You have escaped!

P♣♣.##>.......######....#####.###
♣♣..............................#
♣...##############.#######.......
....#### #..# ###.....)...
)......# #.## #...........
#.####.### ##.# ##.##........ #.#
#...# #..###......†..... #.#
###.##### #####........†.... #.#
##.......###@..#.##.......... ..#
#..#####.#.....###..##....... .##
#.#### ###......#..###......# .#
#....## #.......####.....#### .#
#.....###...##...#####.###### .#
#..##......###.......#.# #.. .#
#..##.....#####......#.# #.. .#
#.........#...#...##.#.# #.. .#
#....######..##...##.#.# #..


There were no monsters in sight!

Vanquished Creatures
  A hound (D:2)
  4 gnolls (D:2)
  2 adders (D:2)
  A worm (D:2)
  4 endoplasms
  A giant cockroach (D:2)
  4 goblins
  2 hobgoblins (D:1)
  8 jackals (D:1)
  2 kobolds
  3 quokkas
  5 ball pythons
  5 bats
  A frilled lizard (D:1)
  A rat (D:2)
44 creatures vanquished.

Vanquished Creatures (others)
  134 foxfires
134 creatures vanquished.

Grand Total: 178 creatures vanquished

Notes
Turn   | Place    | Note
-------+----------+-------------------------------------------
     0 | D:1      | Ivernyr the Djinni Fire Elementalist began the quest for
                  | the Orb.
     0 | D:1      | Ivernyr set off with the following spells memorised:
                  | Foxfire, Scorch, Volatile Blastmotes, Inner Flame, Flame
                  | Wave.
     0 | D:1      | Reached XP level 1. HP: 15/15 MP: 0/0
   127 | D:1      | Reached XP level 2. HP: 10/22 MP: 0/0
   130 | D:1      | Reached skill level 1 in Fighting
   388 | D:1      | Reached XP level 3. HP: 21/27 MP: 0/0
   388 | D:1      | Learned a level 1 spell: Beastly Appendage
   720 | D:1      | Found a faded altar of an unknown god.
  1048 | D:2      | Reached XP level 4. HP: 30/33 MP: 0/0
  1222 | D:2      | Reached XP level 5. HP: 36/40 MP: 0/0
  1222 | D:2      | Learned a level 2 spell: Call Imp
  1412 | D:$      | Got out of the dungeon alive.

Illustrated notes

Levels and vault maps discovered:
D:1:      amcnicky_arrival_wind_blow, layout_rooms,
          dilly_ecumenical_altar_fadedgnrine, chequers_serial_rivers_small_b
D:2:      layout_loops_cross, minmay_ruptured

Skill      XL: |  1  2  3  4  5 |
---------------+----------------+-----
Fighting       | 1 2 3 |  3.1
Dodging        | 3 |  3.3
Spellcasting   | 3 |  3.0
Stealth        | |  1.5

Action                     |  1- 3 |  4- 6 || total
---------------------------+-------+-------++-------
  Melee: Short sword       |     8 |       ||     8
   Cast: Foxfire           |    66 |    26 ||    92
         Scorch            |     2 |     6 ||     8
 Armour: Robe              |     3 |       ||     3
  Dodge: Dodged            |    16 |     7 ||    23
